 Dungeon Crawl Stone Soup version 0.31.0 (webtiles) character file.

Game seed: 7292181495929366610

480 SnakkuSnakku7 the Chopper (level 7, -1/52 HPs)
             Began as a Formicid Cinder Acolyte on Jan 20, 2024.
             Was a High Priest of Ignis.
             Slain by an ogre
             ... wielding a +0 giant club
              (24 damage)
             ... on level 4 of the Dungeon.
             The game lasted 00:04:31 (2734 turns).

SnakkuSnakku7 the Chopper (Formicid Cinder Acolyte) Turns: 2734, Time: 00:04:32

Health: -1/52      AC: 18    Str: 25    XL:     7   Next: 34%
Magic:  8/8        EV:  8    Int: 13    God:    Ignis [*****.]
Gold:   154        SH:  0    Dex:  9    Spells: 8/8 levels left

rFire   + . .        a - -1 hand axe (flame)
rCold   . . .        (no shield)
rNeg    + . .        i - +6 chain mail of Docwiacam {rN+ Str+4}
rPois   .            (helmet unavailable)
rElec   .            j - +0 cloak
rCorr   .            (no gloves)
SInv    +            u - +2 pair of boots {rampage}
Will    .....        n - amulet of regeneration Stlth
                     (no ring)
HPRegen 1.08/turn    (no ring)
MPRegen 0.11/turn

%: rampage
@: no status effects
A: permanent stasis, dig shafts and tunnels, antennae 3, four strong arms
a: Dig, Shaft Self, Renounce Religion, Fiery Armour, Foxfire Swarm, Rising Flame


You were on level 4 of the Dungeon.
You worshipped Ignis.
Ignis was extremely pleased with you.
You visited 1 branch of the dungeon, and saw 4 of its levels.

You collected 182 gold pieces.
You spent 28 gold pieces at shops.

Inventory:

Hand Weapons
 a - a -1 hand axe of flaming (weapon)
Armour
 b - a +0 robe
 i - the +6 chain mail of Docwiacam (worn) {rN+ Str+4}
   (You found it on level 2 of the Dungeon)

   Str+4:     It affects your strength (+4).
   rN+:       It protects you from negative energy.
 j - a +0 cloak (worn)
 u - a +2 pair of boots of rampaging (worn)
Jewellery
 n - an amulet of regeneration (around neck)
Wands
 q - a wand of digging (6)
Scrolls
 c - 2 scrolls of poison
 e - 2 scrolls of noise {unknown}
 f - 2 scrolls of fog {unknown}
 g - 2 scrolls of vulnerability {unknown}
 k - a scroll of enchant weapon {unknown}
 m - 2 scrolls of teleportation {unknown}
 t - a scroll of immolation {unknown}
 v - a scroll of revelation {unknown}
Potions
 d - 3 potions of degeneration {unknown}
 h - a potion of resistance {unknown}
 l - 2 potions of curing {unknown}
 o - a potion of attraction
 p - a potion of might {unknown}
 r - a potion of mutation {unknown}
 s - 2 potions of heal wounds {unknown}


   Skills:
 - Level 3.2 Fighting
 + Level 7.9 Axes
 - Level 1.1 Spellcasting
 - Level 3.0 Fire Magic


You had 8 spell levels left.
You didn't know any spells.
Your spell library contained the following spells:

 Spells                   Type           Power      Damage    Failure   Level
 Scorch                   Fire           16%        2d5       58%         2
 Necrotise                Necr           0%         1d4       86%         1
 Sandblast                Erth           0%         2d4       86%         1
 Gell's Gravitas          Tloc           0%         N/A       99%         3
 Passwall                 Erth           0%         N/A       99%         3
 Stone Arrow              Conj/Erth      0%         3d7       99%         3
 Teleport Other           Tloc           0%         N/A       99%         3
 Vampiric Draining        Necr           0%         2d6       99%         3
 Brom's Barrelling Bould  Conj/Erth      0%         2d3       100%        4
 Martyr's Knell           Necr/Summ      0%         N/A       100%        4
 Curse of Agony           Necr           0%         N/A       100%        5
 Dispersal                Tloc           0%         N/A       100%        6


Dungeon Overview and Level Annotations

Branches:
Dungeon (4/15)             Temple (0/1) D:4

Altars:
Okawaru
Ru
Sif Muna

Shops:
D:2 ?


Innate Abilities, Weirdness & Mutations

You cannot be hasted, slowed, berserked, paralysed or teleported.
You can dig through walls and to a lower floor.
You have a pair of large antennae on your head. (SInv)
Your four strong arms can wield two-handed weapons with a shield.


Message History

You closely miss the orc.
The orc is severely wounded.
The orc hits you but does no damage.
You slash the orc! You burn the orc.
You kill the orc!
You now have 154 gold pieces (gained 6).
You see here a +0 hand axe.
You see here a +2 pair of boots of rampaging.
u - a +2 pair of boots of rampaging You start putting on your armour.
You continue putting on your +2 pair of boots of rampaging. x4
You finish putting on your +2 pair of boots of rampaging.
You feel ready to rampage towards enemies.
You see here a blade talisman.
You see here a +1 short sword of speed.
Found a club.
v - a scroll labelled RUGROW ZANA
Found a robe.
An ogre comes into view. It is wielding a +0 giant club.
An ogre is nearby!
You rampage towards the ogre!
You rampage towards the ogre!
The ogre hits you but does no damage.
You closely miss the ogre. You slash the ogre! You burn the ogre.
The ogre is heavily wounded.
The ogre hits you with a +0 giant club!
You hit the ogre. You burn the ogre.
The ogre is severely wounded.
You barely miss the ogre.
The ogre is severely wounded.
The ogre hits you with a +0 giant club.
You hit the ogre but do no damage.
The ogre is severely wounded.
The ogre hits you with a +0 giant club!!
You hit the ogre but do no damage.
The ogre is severely wounded.
You hit the ogre but do no damage.
The ogre is severely wounded.
The ogre hits you with a +0 giant club!!
You die...

#......#...............
#......#####...#.......
####....####........####
#.........##.....#+#####
#.........##.....#.#....
#.........##.......#....
#.........# #.......
#.........# #.......
#......@..# #.......
#[.....O..# #.####.#
#............ ##....
####........... #.....
#........... #.....
#........... .....^_.
...............#.....
................#.....
... ##....


You could see an ogre.

Vanquished Creatures
  A bullfrog (D:4)
  A scorpion (D:4)
  A bombardier beetle (D:4)
  A jelly (D:4)
  An orc priest (D:3)
  A sleepcap (D:4)
  Terence (D:3)
  4 gnolls (D:3)
  9 adders
  A dart slug (D:4)
  3 ribbon worms
  6 orcs
  5 ball pythons
  6 endoplasms
  3 giant cockroaches
  5 goblins
  7 hobgoblins
  4 jackals (D:1)
  10 kobolds
  3 quokkas
  6 bats
  A frilled lizard (D:3)
  8 rats
88 creatures vanquished.

Notes
Turn   | Place    | Note
-------+----------+-------------------------------------------
     0 | D:1      | SnakkuSnakku7 the Formicid Cinder Acolyte began the quest
                  | for the Orb.
     0 | D:1      | Reached XP level 1. HP: 18/18 MP: 2/2
   157 | D:1      | Reached XP level 2. HP: 8/24 MP: 3/3
   163 | D:1      | HP: 1/24 [goblin/+0 club (2)]
   230 | D:1      | HP: 1/24 [hobgoblin (2)]
   568 | D:1      | Reached skill level 4 in Axes
   568 | D:1      | Reached XP level 3. HP: 29/29 MP: 4/4
   980 | D:2      | Reached XP level 4. HP: 32/35 MP: 5/5
  1106 | D:2      | Identified the +6 chain mail of Docwiacam {rN+ Str+4}
  1256 | D:2      | Found Jiefiski's Magic Scroll Emporium.
  1262 | D:2      | Bought a scroll of identify for 28 gold pieces
  1466 | D:3      | Reached skill level 5 in Axes
  1489 | D:3      | Reached XP level 5. HP: 26/41 MP: 6/6
  1553 | D:3      | Noticed Terence
  1570 | D:3      | Killed Terence
  1701 | D:3      | Reached skill level 6 in Axes
  1818 | D:3      | Reached XP level 6. HP: 47/47 MP: 7/7
  2387 | D:4      | Found a staircase to the Ecumenical Temple.
  2426 | D:4      | Found a shimmering blue altar of Sif Muna.
  2463 | D:4      | Found a sacrificial altar of Ru.
  2499 | D:4      | Reached skill level 7 in Axes
  2511 | D:4      | Reached XP level 7. HP: 52/52 MP: 8/8
  2556 | D:4      | Found an iron altar of Okawaru.
  2734 | D:4      | Slain by an ogre

Illustrated notes

Levels and vault maps discovered:
D:1:      elethiomel_arrival_maze, layout_basic, minmay_pentomino_p4
D:2:      layout_rooms, serial_shops, nicolae_shop_hallway_stairs,
          chequers_serial_rivers_micro_e, kennysheep_generic_room_15
D:3:      layout_basic, minivault_19, minmay_fractal_squares_gapless_5,
          uniq_terence
D:4:      layout_basic, old_standard_altar, mainiacjoe_overflow_catch_the_wave,
          temple_fountains, kennysheep_generic_room_14

Skill      XL: |  1  2  3  4  5  6 |
---------------+-------------------+-----
Axes           | 4 5 6 7 |  7.9
Fighting       | |  3.2
Spellcasting   | |  1.1
Fire Magic     | |  3.0

Action                     |  1- 3 |  4- 6 |  7- 9 || total
---------------------------+-------+-------+-------++-------
  Melee: Hand axe          |    93 |   201 |    40 ||   334
         Punch             |       |     1 |     1 ||     2
Ability: Dig               |       |     2 |       ||     2
    Use: Scroll            |       |     2 |       ||     2
   Stab: Sleeping          |     1 |       |       ||     1
 Armour: Robe              |    54 |    22 |       ||    76
         Chain mail        |       |   142 |    37 ||   179
  Dodge: Dodged            |    66 |    89 |    17 ||   172
